 Dungeon Crawl Stone Soup version 0.18-a0-1121-gb454403 (webtiles) character file.

30 IrkedArmadillo the Cudgeler (level 3, -1/39 HPs)
             Began as an Ogre Berserker on Jan 19, 2016.
             Was a Believer of Trog.
             Slain by an iguana (11 damage)
             ... on level 4 of the Dungeon.
             The game lasted 00:07:11 (1158 turns).

IrkedArmadillo the Cudgeler (Ogre Berserker)        Turns: 1158, Time: 00:07:11

Health: -1/39      AC:  3    Str: 23    XL:     3   Next: 18%
Magic:  3/3        EV: 10    Int:  6    God:    Trog [**....]
Gold:   77         SH:  0    Dex:  9    Spells: 0 memorised, 2 levels left

rFire  . . .     SeeInvis .     a - +0 mace
rCold  . . .     Gourm    .     b - +0 animal skin
rNeg   . . .     Faith    .     (no shield)
rPois  .         Spirit   .     (helmet restricted)
rElec  .         Dismiss  .     (no cloak)
rCorr  .         Reflect  .     (gloves unavailable)
SustAt .         Harm     .     (boots unavailable)
MR     .....                    (no amulet)
Stlth  +.........               (no ring)
                                (no ring)

@: not resistant to hostile enchantments, very unstealthy
A: unfitting armour, tough skin 1
a: Berserk, Trog's Hand, Burn Spellbooks, Renounce Religion


You were on level 4 of the Dungeon.
You worshipped Trog.
Trog was pleased with you.
You were not hungry.

You visited 1 branch of the dungeon, and saw 3 of its levels.

You collected 77 gold pieces.

Inventory:

Hand Weapons
 a - a +0 mace (weapon)
Armour
 b - a +0 animal skin (worn)
 h - a cursed +0 ring mail
 k - a +0 plate armour
 q - a +0 chain mail
Scrolls
 d - a scroll of amnesia {unknown}
 e - 2 scrolls of teleportation {unknown}
 i - a scroll of enchant weapon {unknown}
 j - a scroll of immolation {unknown}
 l - a scroll of blinking {unknown}
 m - a scroll of identify {unknown}
 n - a scroll of recharging {unknown}
 p - a scroll of remove curse {unknown}
Potions
 g - a potion of curing {unknown}
Books
 o - a Fen Folio

   Spells                             Type                      Level
   a - Corpse Rot                     Necromancy                   2
   b - Stone Arrow                    Conjuration/Earth            3
   c - Leda's Liquefaction            Hexes/Earth                  4
   d - Summon Forest                  Summoning/Translocation      5
   e - Hydra Form                     Transmutation                6
   f - Summon Hydra                   Summoning                    7
   Trog disapproves of the use of such an item.
Comestibles
 c - 5 bread rations
 f - a meat ration


   Skills:
 + Level 4.2 Fighting
 + Level 4.5 Maces & Flails
 + Level 3.3 Dodging


You had 2 spell levels left.
You didn't know any spells.

Dungeon Overview and Level Annotations

Branches:
Dungeon (2/15)

Altars:


Innate Abilities, Weirdness & Mutations

You are too large for most types of armour.
You have tough skin (AC +1).


Message History

* * * LOW HITPOINT WARNING * * *
You offer a prayer to Trog.
Trog is pleased with you.
You hit the iguana but do no damage.
The iguana is moderately wounded.
The iguana barely misses you.
The iguana bites you but does no damage.
You barely miss the iguana.
The iguana is moderately wounded.
The iguana bites you but does no damage.
You closely miss the iguana.
The iguana is moderately wounded.
The iguana barely misses you.
You hit the iguana but do no damage.
The iguana is moderately wounded.
The iguana closely misses you.
You hit the iguana.
The iguana is severely wounded.
The iguana bites you!
You die...

#>## #.....##...
#..## #.#.........
##..###.########.##
#...#.### #.##
##........ ..##
###...#.#### #####
#.......# .
#.[.....# .
#..)@.$.#
#...l.......
#.......####
#...<...# #.......#
###..(..# #......
##.#..##


You could see an iguana.

Vanquished Creatures
  An ooze (D:2)
  An orc (D:4)
  3 bats
  4 goblins (D:2)
  3 hobgoblins
  4 jackals (D:1)
  A ball python (D:2)
  3 giant newts
  2 kobolds (D:2)
  A quokka skeleton (D:4)
  2 rats
25 creatures vanquished.

Notes
Turn   | Place    | Note
--------------------------------------------------------------
     0 | D:1      | IrkedArmadillo the Ogre Berserker began the quest for the Orb.
     0 | D:1      | Reached XP level 1. HP: 24/24 MP: 1/1
    36 | D:1      | Reached XP level 2. HP: 9/32 MP: 2/2
   833 | D:2      | Reached XP level 3. HP: 26/39 MP: 3/3
  1024 | D:2      | Reached ** piety under Trog
  1072 | D:2      | You fall through a shaft for 2 floors!
  1158 | D:4      | Slain by an iguana

Vault maps used:
D:1:      dpeg_arrival_arbitrary_b
D:2:      first_bread
D:4:      grunt_temple_overflow_champion_of_chaos, serial_shops, shop,
          minmay_small_thing, uniq_menkaure, uniq_edmund

Action                   || total
-------------------------++-------
Melee: Mace              ||    73
  Eat: Bread ration      ||     1
